BR
SAN PABLO DE LAS SALINAS DOCTORS @ PALMYRA OVERLORDS
08/10/2027
 
TOP OF THE 1ST
San Pablo de las Salinas Doctors batting - Pitching for Palmyra Overlords : RHP Michael Bane
Pitching: RHP Michael Bane
Batting: SHB Jorge Aguilar 0-0: Ball
1-0: Foul Ball, location: 2F
1-1: Ball
2-1: Foul Ball, location: 2F
2-2: Strikes out swinging
Batting: RHB Arthur Hopkins 0-0: Ground out 6-3 (Groundball, 56)
Batting: RHB Arturo Franco 0-0: Ball
1-0: Ground out 5-3 (Groundball, 5L)
Top of the 1st over - 0 run(s), 0 hit(s), 0 error(s), 0 left on base; San Pablo de las Salinas 0 - Palmyra 0
BOTTOM OF THE 1ST
Palmyra Overlords batting - Pitching for San Pablo de las Salinas Doctors : RHP Kade Brown
Pitching: RHP Kade Brown
Batting: RHB José Acuña 0-0: Ball
1-0: Foul Ball, location: 2F
1-1: Ground out 6-3 (Groundball, 6)
Batting: SHB José Rincón 0-0: Called Strike
0-1: Ball
1-1: Swinging Strike
1-2: Foul Ball, location: 2F
1-2: Ball
2-2: Ground out 3-1 (Groundball, 34)
Batting: RHB Edmund Swanson 0-0: Ball
1-0: Foul Ball, location: 2F
1-1: Ball
2-1: Ground out 4-3 (Groundball, 4)
Bottom of the 1st over - 0 run(s), 0 hit(s), 0 error(s), 0 left on base; San Pablo de las Salinas 0 - Palmyra 0
TOP OF THE 2ND
San Pablo de las Salinas Doctors batting - Pitching for Palmyra Overlords : RHP Michael Bane
Batting: RHB Joel Hebert 0-0: Ball
1-0: Called Strike
1-1: Hit by Pitch
Batting: RHB Mario Barker 0-0: Fly out, F7 (Flyball, 78M)
Batting: RHB Júlio Núñez 0-0: DOUBLE (Flyball, 89D)
Joel Hebert to third
Runner from 3rd tries for Home, SAFE, throw made home
Batting: RHB Luis López 0-0: Swinging Strike
0-1: Foul Ball, location: 2F
0-2: Ball
1-2: Ball
2-2: Ball
3-2: Strikes out swinging
Batting: RHB Domingo Salinas 0-0: Ball
Wild Pitch!
Júlio Núñez to third
1-0: Foul Ball, location: 2F
1-1: Swinging Strike
1-2: Ball
2-2: Ball
3-2: Ground out 5-3 (Groundball, 56)
Top of the 2nd over - 1 run(s), 1 hit(s), 0 error(s), 1 left on base; San Pablo de las Salinas 1 - Palmyra 0
BOTTOM OF THE 2ND
Palmyra Overlords batting - Pitching for San Pablo de las Salinas Doctors : RHP Kade Brown
Batting: LHB Ramón Morán 0-0: Called Strike
0-1: Ball
1-1: Ball
2-1: Foul Ball, location: 2F
2-2: Ball
3-2: Base on Balls
Batting: RHB José Gonzáles 0-0: Ball
Ramón Morán is caught stealing 2nd base
1-0: Swinging Strike
1-1: Swinging Strike
1-2: Strikes out swinging
Batting: RHB David Rodríguez 0-0: Swinging Strike
0-1: Called Strike
0-2: Ball
1-2: Foul Ball, location: 2F
1-2: Ground out 5-3 (Groundball, 56)
Bottom of the 2nd over - 0 run(s), 0 hit(s), 0 error(s), 0 left on base; San Pablo de las Salinas 1 - Palmyra 0
TOP OF THE 3RD
San Pablo de las Salinas Doctors batting - Pitching for Palmyra Overlords : RHP Michael Bane
Batting: RHB Ramón Espinoza 0-0: Called Strike
0-1: Foul Ball, location: 2F
0-2: Ball
1-2: SINGLE (Groundball, 6MD)
Batting: SHB Jorge Aguilar 0-0: Ball
1-0: Reached on error, E4 (Groundball, 4)
Ramón Espinoza to second
Batting: RHB Arthur Hopkins 0-0: Foul Ball, location: 2F
0-1: Foul Ball, location: 2F
0-2: Ball
1-2: Foul Ball, location: 2F
1-2: Foul Ball, location: 2F
1-2: Fly out, F7 (Flyball, 78M)
Batting: RHB Arturo Franco 0-0: Called Strike
0-1: Ball
1-1: Fielders Choice at 2nd, 4-6 (Groundball, 34)
Ramón Espinoza to third
Batting: RHB Joel Hebert 0-0: Called Strike
Arturo Franco steals 2nd base
0-1: Ball
1-1: Foul Ball, location: 2F
1-2: Ball
2-2: Ground out 1-3 (Groundball, 13)
Top of the 3rd over - 0 run(s), 1 hit(s), 1 error(s), 2 left on base; San Pablo de las Salinas 1 - Palmyra 0
BOTTOM OF THE 3RD
Palmyra Overlords batting - Pitching for San Pablo de las Salinas Doctors : RHP Kade Brown
Batting: SHB Travis Martin 0-0: Ball
1-0: Called Strike
1-1: Ball
2-1: Ball
3-1: Ground out 6-3 (Groundball, 6M)
Batting: RHB Will Anderson 0-0: Ball
1-0: Ball
2-0: Ball
3-0: Called Strike
3-1: SINGLE (Groundball, 56S) (infield hit)
Batting: LHB Christian Lovelass 0-0: Ball
1-0: Fielders Choice at 2nd, 1-6 (Groundball, P)
Batting: RHB José Acuña 0-0: Ball
1-0: Swinging Strike
1-1: Foul Ball, location: 2F
1-2: Strikes out swinging
Bottom of the 3rd over - 0 run(s), 1 hit(s), 0 error(s), 1 left on base; San Pablo de las Salinas 1 - Palmyra 0
TOP OF THE 4TH
San Pablo de las Salinas Doctors batting - Pitching for Palmyra Overlords : RHP Michael Bane
Batting: RHB Mario Barker 0-0: Called Strike
0-1: Ball
1-1: Foul Ball, location: 2F
1-2: Strikes out swinging
Batting: RHB Júlio Núñez 0-0: Called Strike
0-1: Swinging Strike
0-2: Strikes out swinging
Batting: RHB Luis López 0-0: Fly out, F9 (Flyball, 9LS)
Top of the 4th over - 0 run(s), 0 hit(s), 0 error(s), 0 left on base; San Pablo de las Salinas 1 - Palmyra 0
BOTTOM OF THE 4TH
Palmyra Overlords batting - Pitching for San Pablo de las Salinas Doctors : RHP Kade Brown
Batting: SHB José Rincón 0-0: Ball
1-0: Ball
2-0: Ball
3-0: Base on Balls
Batting: RHB Edmund Swanson 0-0: Grounds into double play, 6-4-3 (Groundball, 6M)
Batting: LHB Ramón Morán 0-0: Ball
1-0: Ball
2-0: Ball
3-0: Called Strike
3-1: Called Strike
3-2: Ground out 4-3 (Groundball, 4)
Bottom of the 4th over - 0 run(s), 0 hit(s), 0 error(s), 0 left on base; San Pablo de las Salinas 1 - Palmyra 0
TOP OF THE 5TH
San Pablo de las Salinas Doctors batting - Pitching for Palmyra Overlords : RHP Michael Bane
Batting: RHB Domingo Salinas 0-0: DOUBLE (Line Drive, 7LM)
Batting: RHB Ramón Espinoza 0-0: Foul Ball, location: 2F
0-1: Foul Ball, location: 2F
0-2: Ball
1-2: Ball
2-2: Ball
3-2: Strikes out swinging
Batting: SHB Jorge Aguilar 0-0: Ball
1-0: Foul Ball, location: 2F
1-1: Foul Ball, location: 2F
1-2: Ball
2-2: Ground out U3 (Groundball, 3)
Domingo Salinas to third
Batting: RHB Arthur Hopkins 0-0: Ground out 6-3 (Groundball, 6)
Top of the 5th over - 0 run(s), 1 hit(s), 0 error(s), 1 left on base; San Pablo de las Salinas 1 - Palmyra 0
BOTTOM OF THE 5TH
Palmyra Overlords batting - Pitching for San Pablo de las Salinas Doctors : RHP Kade Brown
Batting: RHB José Gonzáles 0-0: Ball
1-0: Ball
2-0: Ball
3-0: Called Strike
3-1: Called Strike
3-2: Strikes out swinging
Batting: RHB David Rodríguez 0-0: SINGLE (Line Drive, 4MD)
Batting: SHB Travis Martin 0-0: Foul Ball, location: 2F
0-1: Swinging Strike
0-2: Ball
1-2: Foul Ball, location: 2F
1-2: Ball
2-2: Foul Ball, location: 2F
2-2: Fielders Choice at 2nd, 4-6 (Groundball, 34)
Batting: RHB Will Anderson 0-0: Ball
Travis Martin is caught stealing 2nd base
Bottom of the 5th over - 0 run(s), 1 hit(s), 0 error(s), 0 left on base; San Pablo de las Salinas 1 - Palmyra 0
TOP OF THE 6TH
San Pablo de las Salinas Doctors batting - Pitching for Palmyra Overlords : RHP Michael Bane
Batting: RHB Arturo Franco 0-0: Ball
1-0: Foul Ball, location: 2F
1-1: Ball
2-1: Called Strike
2-2: Strikes out swinging
Batting: RHB Joel Hebert 0-0: Ball
1-0: Ball
2-0: Foul Ball, location: 2F
2-1: Ball
3-1: Called Strike
3-2: Foul Ball, location: 2F
3-2: Fly out, F8 (Flyball, 8LD)
Batting: RHB Mario Barker 0-0: Ball
1-0: Ball
2-0: Ground out 4-3 (Groundball, 4M)
Top of the 6th over - 0 run(s), 0 hit(s), 0 error(s), 0 left on base; San Pablo de las Salinas 1 - Palmyra 0
BOTTOM OF THE 6TH
Palmyra Overlords batting - Pitching for San Pablo de las Salinas Doctors : RHP Kade Brown
Batting: RHB Will Anderson 0-0: Swinging Strike
0-1: Ground out 5-3 (Groundball, 56)
Batting: LHB Christian Lovelass 0-0: Ball
1-0: Ball
2-0: Foul Ball, location: 2F
2-1: Ball
3-1: Ground out 4-3 (Groundball, 4)
Batting: RHB José Acuña 0-0: Ground out 4-3 (Groundball, 4)
Bottom of the 6th over - 0 run(s), 0 hit(s), 0 error(s), 0 left on base; San Pablo de las Salinas 1 - Palmyra 0
TOP OF THE 7TH
San Pablo de las Salinas Doctors batting - Pitching for Palmyra Overlords : RHP Michael Bane
Pitching: RHP Broderick Miller
Batting: RHB Júlio Núñez 0-0: Called Strike
0-1: Ground out 5-3 (Groundball, 5S)
Batting: RHB Luis López 0-0: Called Strike
0-1: Swinging Strike
0-2: Ball
1-2: Strikes out looking
Batting: RHB Domingo Salinas 0-0: Ball
1-0: Swinging Strike
1-1: Ball
2-1: Ball
3-1: Foul Ball, location: 2F
3-2: Strikes out looking
Top of the 7th over - 0 run(s), 0 hit(s), 0 error(s), 0 left on base; San Pablo de las Salinas 1 - Palmyra 0
BOTTOM OF THE 7TH
Palmyra Overlords batting - Pitching for San Pablo de las Salinas Doctors : RHP Kade Brown
Batting: SHB José Rincón 0-0: Foul Ball, location: 2F
0-1: Foul Ball, location: 2F
0-2: Ball
1-2: Ball
2-2: Foul Ball, location: 2F
2-2: Hit by Pitch
Pitching: LHP Rodrigo Álvarez
Batting: RHB Edmund Swanson 0-0: Called Strike
0-1: Ball
1-1: Ball
2-1: Swinging Strike
2-2: Ball
3-2: Ground out 4-3 (Groundball, 4)
José Rincón to second
Pinch Hitting: RHB Lúcio Alfaro 0-0: Called Strike
0-1: SINGLE (Line Drive, 89S)
José Rincón to third
Batting: RHB José Gonzáles 0-0: Ball
1-0: Called Strike
1-1: Called Strike
1-2: Ball
2-2: Foul Ball, location: 2F
2-2: Ball
3-2: Strikes out looking
Lúcio Alfaro is caught stealing 2nd base
Batter strikes out.
Bottom of the 7th over - 0 run(s), 1 hit(s), 0 error(s), 1 left on base; San Pablo de las Salinas 1 - Palmyra 0
TOP OF THE 8TH
San Pablo de las Salinas Doctors batting - Pitching for Palmyra Overlords : RHP Broderick Miller
Now at 1B: Marius Letizi
Batting: RHB Ramón Espinoza 0-0: Swinging Strike
0-1: Called Strike
0-2: Ball
1-2: Fly out, F8 (Flyball, 8LM)
Batting: SHB Jorge Aguilar 0-0: SINGLE (Flyball, 89M)
Batting: RHB Arthur Hopkins 0-0: Called Strike
Jorge Aguilar steals 2nd base
0-1: Ball
1-1: Ball
Jorge Aguilar steals 3rd base
2-1: Foul Ball, location: 2F
2-2: Ball
3-2: Base on Balls
Pinch Hitting: LHB Jesús Rojas 0-0: Called Strike
0-1: Swinging Strike
0-2: Ball
1-2: Ball
2-2: Ball
3-2: Strikes out swinging
Pinch Hitting: RHB Javier Hernández 0-0: Ball
1-0: Ball
2-0: Fielders Choice at 2nd, 6-4 (Groundball, 6)
Top of the 8th over - 0 run(s), 1 hit(s), 0 error(s), 1 left on base; San Pablo de las Salinas 1 - Palmyra 0
BOTTOM OF THE 8TH
Palmyra Overlords batting - Pitching for San Pablo de las Salinas Doctors : LHP Rodrigo Álvarez
Pitching: RHP Paul Turberville
Now at SS: Javier Hernández
Now in RF: Jesús Pérez
Batting: RHB David Rodríguez 0-0: Foul Ball, location: 2F
0-1: Ball
1-1: Foul Ball, location: 2F
1-2: Ball
2-2: SINGLE (Groundball, 6D)
Pinch Runner at 1st J.T. Paull:
Pinch Hitting: LHB Júlio Lorenzo 0-0: Ball
1-0: Bunted foul
1-1: Bunted foul
1-2: Fly out, F4 (Line Drive, 4)
Batting: RHB Will Anderson 0-0: Ball
1-0: Ball
2-0: Foul Ball, location: 2F
2-1: Ball
3-1: Base on Balls
J.T. Paull to second
Pitching: LHP Alonso Mendoza
Pinch Hitting: RHB Spike Kennedy 0-0: Ball
1-0: Foul Ball, location: 2F
1-1: Foul Ball, location: 2F
1-2: Ball
Wild Pitch!
J.T. Paull to third
Will Anderson to second
2-2: Foul Ball, location: 2F
2-2: Ball
3-2: Foul Ball, location: 2F
3-2: Ground out U3 (Groundball, 23)
Pitching: RHP Joe Bell
Pinch Hitting: LHB Jerry Tolbert 0-0: Called Strike
0-1: Called Strike
0-2: Foul Ball, location: 2F
0-2: Ball
1-2: Ground out 1-3 (Groundball, 13S)
Bottom of the 8th over - 0 run(s), 1 hit(s), 0 error(s), 2 left on base; San Pablo de las Salinas 1 - Palmyra 0
TOP OF THE 9TH
San Pablo de las Salinas Doctors batting - Pitching for Palmyra Overlords : RHP Broderick Miller
Now at 2B: J.T. Paull
Now in LF: Júlio Lorenzo
Now in CF: Broderick Dempsey
Now in RF: Jerry Tolbert
Batting: RHB Mario Barker 0-0: Ball
1-0: Ball
2-0: Ball
3-0: Called Strike
3-1: Ground out 3-1 (Groundball, 34)
Batting: RHB Júlio Núñez 0-0: Swinging Strike
0-1: Called Strike
0-2: Foul Ball, location: 2F
0-2: Strikes out swinging
Pitching: LHP Pedro Martínez
Batting: RHB Luis López 0-0: Swinging Strike
0-1: Called Strike
0-2: Ball
1-2: Ball
2-2: Ball
3-2: Strikes out swinging
Top of the 9th over - 0 run(s), 0 hit(s), 0 error(s), 0 left on base; San Pablo de las Salinas 1 - Palmyra 0
BOTTOM OF THE 9TH
Palmyra Overlords batting - Pitching for San Pablo de las Salinas Doctors : RHP Joe Bell
Pitching: RHP Jorge Chávez
Now at 1B: Julián Díaz
Batting: SHB José Rincón 0-0: Swinging Strike
0-1: Swinging Strike
0-2: Ball
1-2: Ball
2-2: Strikes out swinging
Batting: RHB Edmund Swanson 0-0: Called Strike
0-1: Ball
1-1: Swinging Strike
1-2: Strikes out looking
Pinch Hitting: LHB Mauro López 0-0: Swinging Strike
0-1: Ball
1-1: Ball
2-1: Foul Ball, location: 2F
2-2: Strikes out swinging
Bottom of the 9th over - 0 run(s), 0 hit(s), 0 error(s), 0 left on base; San Pablo de las Salinas 1 - Palmyra 0
Thursday, March 30th, 2017 - OOTP Baseball 17.12 Build 75